 Dungeon Crawl Stone Soup version 0.18.1-50-g88ac8fd (webtiles) character file.

53 Gargoyl the Skirmisher (level 3, -4/29 HPs)
             Began as a Demonspawn Abyssal Knight on Sept 28, 2016.
             Was a Believer of Lugonu.
             Slain by a worm (9 damage)
             ... on level 2 of the Dungeon.
             The game lasted 00:03:09 (1648 turns).

Gargoyl the Skirmisher (Demonspawn Abyssal Knight)  Turns: 1648, Time: 00:03:09

Health: -4/29      AC:  5    Str: 13    XL:     3   Next: 62%
Magic:  5/5        EV: 10    Int: 13    God:    Lugonu [**....]
Gold:   56         SH:  0    Dex: 12    Spells: 0 memorised, 2 levels left

rFire  . . .     SeeInvis .     a - +1 hand axe
rCold  . . .     Gourm    .     g - +0 ring mail
rNeg   . . .     Faith    .     (no shield)
rPois  .         Spirit   .     (no helmet)
rElec  .         Dismiss  .     (no cloak)
rCorr  .         Reflect  .     (no gloves)
SustAt .         Harm     .     (no boots)
MR     .....                    (no amulet)
Stlth  ..........               (no ring)
                                (no ring)

@: not resistant to hostile enchantments, extremely unstealthy
A: hooves 1, powered by pain 1
a: Depart the Abyss, Bend Space, Renounce Religion


You were on level 2 of the Dungeon.
You worshipped Lugonu.
Lugonu was pleased with you.
You were hungry.

You visited 1 branch of the dungeon, and saw 2 of its levels.
You visited the Abyss 1 time.

You collected 56 gold pieces.

Inventory:

Hand Weapons
 a - a +1 hand axe (weapon)
Armour
 g - a +0 ring mail (worn)
Wands
 e - a wand of random effects (11/48)
Scrolls
 b - a scroll of identify
 f - 2 scrolls of magic mapping
Comestibles
 c - a bread ration
 i - a beef jerky
 k - a fruit


   Skills:
 + Level 3.4 Fighting
 + Level 2.2 Axes
 * Level 2.4 Armour
 + Level 1.1 Dodging
 * Level 3.0 Invocations
 + Level 0.4 Evocations


You had 2 spell levels left.
You didn't know any spells.

Dungeon Overview and Level Annotations

Branches:
Dungeon (2/15)

Altars:


Innate Abilities, Weirdness & Mutations

You have large cloven feet.
You sometimes gain a little power by taking damage.


Message History

The worm closely misses you.
You hit the worm.
The worm is moderately wounded.
The worm bites you!
You slash the worm!
The worm is heavily wounded.
You hit the worm.
The worm is severely wounded.
The worm bites you!
* * * LOW HITPOINT WARNING * * *
You hit the worm. You kick the worm, but do no damage.
The worm is almost dead.
The worm bites you.
* * * LOW HITPOINT WARNING * * *
You hit the worm.
The worm is almost dead.
You completely miss the worm. You kick the worm, but do no damage.
The worm is almost dead.
The worm bites you!
You die...

#........#
#........#
#........# ######
#........#######
#.....
#..............#
#.....
#........#####..
#..... ###..#####
##. #.....####..##
## #..@w†.## #.
#..##...## ####.
##.###....######....
#.# #.##.#.........
#.! #............##
... ..###........##
### ..# #.........#
..# #...#...#).
#...#......


You could see a worm.

Vanquished Creatures
  An adder (D:2)
  An ooze (D:2)
  2 worms (D:2)
  A dart slug (D:1)
  A giant gecko (D:2)
  3 bats
  A giant cockroach (D:1)
  A goblin (D:1)
  3 hobgoblins (D:1)
  8 jackals
  A ball python (D:2)
  2 kobolds
  4 rats
  A fungus (D:1)
30 creatures vanquished.

Notes
Turn   | Place    | Note
--------------------------------------------------------------
     0 | Abyss:1  | Gargoyl the Demonspawn Abyssal Knight began the quest for the Orb.
     0 | Abyss:1  | Reached XP level 1. HP: 18/18 MP: 2/2
    39 | Abyss:2  | Noticed a worldbinder
    50 | Abyss:2  | Noticed a chaos spawn
    65 | Abyss:2  | Noticed a great orb of eyes
    69 | D:1      | Escaped the Abyss
   140 | D:1      | Reached * piety under Lugonu
   157 | D:1      | Gained mutation: You sometimes gain a little power by taking damage. [demonic ancestry]
   157 | D:1      | Reached XP level 2. HP: 15/24 MP: 3/3
  1058 | D:2      | Reached skill level 1 in Dodging
  1061 | D:2      | Gained mutation: You have large cloven feet. [demonic ancestry]
  1061 | D:2      | Reached XP level 3. HP: 19/29 MP: 5/5
  1263 | D:2      | HP: 1/29 [something (3)]
  1622 | D:2      | Reached ** piety under Lugonu
  1648 | D:2      | Slain by a worm

Skill      XL: |  1  2  3 |
---------------+----------+-----
Axes           | 2 |  2.2
Armour         | 2 |  2.4
Dodging        | 1 |  1.1
Invocations    | 3 |  3.0
Fighting       | |  3.4
Evocations     | |  0.4

Action                   || total
-------------------------++-------
Melee: Hand axe          ||   118
       Kick              ||    14
Invok: Depart the Abyss  ||     1
Evoke: Wand              ||     8
  Use: Scroll            ||     4
       Potion            ||     3
 Stab: Paralysed         ||     2
  Eat: Chunk             ||     2
Armor: Leather armour    ||     4
       Ring mail         ||    55
Dodge: Dodged            ||    68
